 Dungeon Crawl Stone Soup version 0.20.0-15-g7f486f2 (webtiles) character file.

106571 Peloso the Fencer (level 15, 0/141 HPs)
             Began as a Minotaur Fighter on July 1, 2017.
             Was the Champion of Okawaru.
             Killed by divine providence
             ... invoked by Saint Roka
              (11 damage)
             ... on level 2 of the Orcish Mines.
             The game lasted 01:14:13 (25006 turns).

Peloso the Fencer (Minotaur Fighter)               Turns: 25006, Time: 01:14:14

Health: 0/141      AC: 34    Str: 24    XL:     15   Next: 97%
Magic:  14/14      EV:  7    Int:  5    God:    Okawaru [******]
Gold:   1565       SH: 18    Dex: 13    Spells: 14/14 levels left

rFire    + . .     SeeInvis .   a - +8 double sword (elec)
rCold    + . .     Gourm    .   M - +1 shield {AC+3}
rNeg     . . .     Faith    .   W - +0 crystal plate armour {rC+}
rPois    .         Spirit   .   V - +0 hat {MR+}
rElec    .         Reflect  +   k - +2 cloak
rCorr    .         Harm     .   U - +1 pair of gloves {archery}
MR       +++..                  e - +0 pair of boots
Stlth    ..........             K - +2 amulet of reflection
Regen    0.4/turn               n - ring of protection from fire
MPRegen  0.2/turn               I - ring of protection from magic

@: very slightly contaminated
A: retaliatory headbutt, horns 2
a: Heroism, Finesse, Renounce Religion


You were on level 2 of the Orcish Mines.
You worshipped Okawaru.
Okawaru was exalted by your worship.
You were very hungry.

You visited 4 branches of the dungeon, and saw 24 of its levels.
You also visited: Ice Cave and Volcano.

You collected 1565 gold pieces.

Inventory:

Hand Weapons
 a - a +8 double sword of electrocution (weapon)
 Y - the +10 demon trident "Cunott" {flame, Dex+6}
   (You found it in an ice cave)

   It has been specially enchanted to burn those struck by it, causing extra
   injury to most foes and up to half again as much damage against particularly
   susceptible opponents.
   It affects your dexterity (+6).
Armour
 e - a +0 pair of boots (worn)
 k - a +2 cloak (worn)
 M - a +1 shield of protection (worn)
 U - a +1 pair of gloves of archery (worn)
 V - a +0 hat of magic resistance (worn)
 W - a +0 crystal plate armour of cold resistance (worn)
Jewellery
 i - an uncursed ring of poison resistance
 n - a ring of protection from fire (left hand)
 u - an uncursed ring of flight
 G - an uncursed ring of see invisible
 I - a ring of protection from magic (right hand)
 K - a +2 amulet of reflection (around neck)
 T - a +3 ring of strength
Wands
 b - a wand of clouds (1/9)
 t - a wand of polymorph (10/24)
Scrolls
 c - a scroll of identify
 g - 10 scrolls of teleportation
 h - 7 scrolls of remove curse
 j - a scroll of fear
 C - 4 scrolls of magic mapping
 D - 2 scrolls of holy word {unknown}
 H - a scroll of summoning
 P - 3 scrolls of amnesia
Potions
 d - 2 potions of might
 l - 3 potions of berserk rage
 m - a potion of magic
 p - 10 potions of curing
 r - 3 potions of haste
 v - a potion of experience
 x - 4 potions of flight
 A - 4 potions of heal wounds
 J - 3 potions of resistance
 O - a potion of cancellation {unknown}
 R - 2 potions of agility {unknown}
 S - 3 potions of invisibility {unknown}
Comestibles
 f - 12 bread rations
 o - 11 meat rations
 s - 11 royal jellies
 F - 9 fruits


   Skills:
 + Level 15.0 Fighting
 + Level 18.1 Long Blades
 + Level 3.9 Polearms
 + Level 15.0 Armour
 + Level 4.3 Dodging
 + Level 2.2 Stealth
 + Level 17.5 Shields
 + Level 1.0 Invocations
 + Level 1.0 Evocations


You had 14 spell levels left.
You didn't know any spells.

Dungeon Overview and Level Annotations

Branches:
Dungeon (15/15)            Temple (1/1) D:5            Lair (6/6) D:10
  Swamp (0/4) Lair:3        Snake (0/4) Lair:4        Slime (0/5) Lair:6
    Orc (2/2) D:11            Elf (0/3) Orc:2        Vaults (0/5) D:14
 Depths (0/5) D:15

Altars:
Ashenzari
Cheibriados
Dithmenos
Elyvilon
Fedhas
Gozag
Hepliaklqana
Kikubaaqudgha
Makhleb
Nemelex Xobeh
Okawaru
Qazlal
Sif Muna
Trog
The Shining One

Shops:
Orc:2 (}}=[

Annotations:
Orc:2 Saint Roka


Innate Abilities, Weirdness & Mutations

You reflexively headbutt those who attack you in melee.
You have a pair of horns on your head.


Message History

You kill the cyclops!
Okawaru accepts your kill.
You are feeling very hungry.
You block the warg's attack.
The orc warrior hits you with a battleaxe!
* * * LOW HITPOINT WARNING * * *
Unknown command.
Unknown command.
Blink to where?
Press: ? - help, Dir - move target cursor You are very lightly contaminated with residual magic.
As you read the scroll of blinking, it crumbles to dust.
You feel like a meek peon again.
The orc wizard no longer looks unusually strong.
Saint Roka mumbles some strange prayers to Beogh against you.
Beogh smites you!
* * * LOW HITPOINT WARNING * * *
Saint Roka mumbles some strange prayers to Beogh against you.
Beogh smites you!
You die...

....∩......##.))...........,,,**
...........#....O........O.,,,,*
...........##.oo.o.OO...((.,,,,**
...........##.o.hoo........,,,,,*
...............hO..........,,,,,,
...∩...........ooo...(.....,,*,,,
...........................,,,*,*
............$.............,,,,,,,
.....)..........@.......,,*,,,*,*
........................,,,,,,***
........................,,,,,,,*
......).................,,,,,,,*
.....[).................,,,,,,,*
.......)............$...,,,,,,,**
........)...........$...,,,,,,,,*
#........[....#.........,,,,,,,**
...∩.....))......#.....,,,,,,,**


You could see Saint Roka, a two-headed ogre, 2 wargs, 2 orc warriors, 3 ogres,
an orc wizard and 5 orcs.

Vanquished Creatures
  A fire giant (D:12)
  5 dire elephants (Lair:6)
  Snorg (D:14)
  The ghost of Chiseanne the Fighter, a journeyman DsWn of Gozag (D:14)
  A fire dragon (Volcano)
  Josephine (Lair:6)
  7 hydras
  2 ice dragons (D:15)
  3 vault guards (D:14)
  3 centaur warriors
  An anaconda (Lair:6)
  A death knight (D:15)
  A hell hog (Volcano)
  5 death yaks (Lair:6)
  18 two-headed ogres
  3 ogre magi
  The ghost of marsu the Spear-Bearer, a novice DrBe of Trog (D:7)
  Urug (D:11)
  A deep elf knight (D:12)
  An iron troll (Orc:2)
  The ghost of muxecoid the Covert, a novice KoWn of Dithmenos (D:8)
  4 skeletal warriors (D:15)
  A deep troll (Orc:2)
  2 deep elf archers (D:14)
  3 orc knights
  2 orc sorcerers (D:14)
  5 ugly things
  A manticore (D:15)
  A deep elf mage (D:15)
  2 cyclopes
  2 ice statues (IceCv)
  19 elephants
  The ghost of Tutankhamun the Grappler, a novice TrMo of Jiyva (D:5)
  3 black mambas
  13 spiny frogs
  A rime drake (shapeshifter) (D:13)
  2 gargoyles (D:13)
  10 komodo dragons
  3 rime drakes
  10 ice devils (IceCv)
  A tengu conjurer (D:15)
  16 trolls
  3 meliai (D:15)
  15 blink frogs
  9 dream sheep
  9 hippogriffs
  A shadow (D:15)
  4 wraiths
  3 wyverns
  63 yaks
  10 fire bats (Volcano)
  A basilisk (Lair:6)
  3 hungry ghosts
  A warg (D:11)
  Edmund (D:6)
  2 nagas (Lair:4)
  4 swamp worms (Lair:3)
  15 water moccasins
  3 hell hounds (Volcano)
  9 porcupines
  A hornet zombie (D:13)
  An ice beast (D:6)
  12 orc warriors
  An eye of draining (D:10)
  A black bear (D:10)
  Purgy (D:4)
  6 sky beasts
  24 ogres
  A phantom (D:7)
  11 centaurs
  11 wolves
  9 crocodiles
  19 bullfrogs
  A gnoll sergeant (D:9)
  7 scorpions
  8 killer bees
  3 electric eels
  3 wights (D:14)
  A howler monkey (D:9)
  7 jellies
  4 crimson imps
  6 lava snakes (Volcano)
  A bullfrog zombie (D:12)
  3 centaur zombies
  8 hounds
  15 orc wizards
  8 orc priests
  2 bullfrog skeletons
  2 centaur skeletons
  2 iguanas
  14 worker ants
  A killer bee zombie (D:10)
  2 hound zombies
  3 hound skeletons
  A worker ant zombie (D:6)
  6 gnolls
  7 adders
  5 shadow imps
  7 white imps (IceCv)
  5 ufetubi (IceCv)
  5 oozes
  2 adder zombies (D:9)
  2 adder skeletons
  2 worms
  3 dart slugs (D:1)
  6 leopard geckos
  48 orcs
  A ball python (D:3)
  3 bats
  4 giant cockroaches
  5 goblins
  8 hobgoblins
  17 jackals
  4 kobolds
  3 quokkas
  3 frilled lizards
  2 jackal zombies
  2 leopard gecko zombies
  2 quokka skeletons (D:4)
  A quokka zombie (D:4)
  7 rats
  A bush (Lair:1)
  2 fungi (Lair:6)
  2 plants
682 creatures vanquished.

Vanquished Creatures (others)
  A reaper (IceCv)
  2 cyclopes
  2 yaktaurs
  5 white imps (IceCv)
  3 ufetubi (IceCv)
  An ooze (D:7)
  4 fungi
  4 plants
22 creatures vanquished.

Grand Total: 704 creatures vanquished

Notes
Turn   | Place    | Note
-------+----------+-------------------------------------------
     0 | D:1      | Peloso the Minotaur Fighter began the quest for the Orb.
     0 | D:1      | Reached XP level 1. HP: 19/19 MP: 0/0
    64 | D:1      | Found a glowing golden altar of the Shining One.
   107 | D:1      | Reached XP level 2. HP: 27/27 MP: 1/1
   649 | D:1      | Reached XP level 3. HP: 30/33 MP: 2/2
  1812 | D:2      | Found a shattered altar of Ashenzari.
  1964 | D:2      | Found a hazy altar of Hepliaklqana.
  2102 | D:3      | Reached skill level 3 in Long Blades
  2147 | D:3      | Reached XP level 4. HP: 41/41 MP: 3/3
  2326 | D:3      | Reached skill level 5 in Armour
  2396 | D:3      | Reached skill level 4 in Long Blades
  2396 | D:3      | Reached skill level 1 in Dodging
  2396 | D:3      | Reached XP level 5. HP: 7/47 MP: 4/4
  2674 | D:3      | Found a white marble altar of Elyvilon.
  3153 | D:4      | Reached XP level 6. HP: 28/53 MP: 5/5
  3308 | D:4      | Reached skill level 5 in Long Blades
  3308 | D:4      | Reached skill level 1 in Stealth
  3369 | D:4      | Found a snail-covered altar of Cheibriados.
  3935 | D:4      | Noticed Purgy
  3946 | D:4      | Killed Purgy
  3946 | D:4      | Reached skill level 5 in Fighting
  3946 | D:4      | Reached skill level 6 in Long Blades
  3946 | D:4      | Reached skill level 5 in Shields
  3946 | D:4      | Reached XP level 7. HP: 55/61 MP: 6/6
  4168 | D:5      | Entered Level 5 of the Dungeon
  4207 | D:5      | Noticed Tutankhamun's ghost (novice TrMo)
  4232 | D:5      | Killed Tutankhamun's ghost
  4232 | D:5      | Reached skill level 7 in Long Blades
  4232 | D:5      | Reached XP level 8. HP: 28/69 MP: 7/7
  4448 | D:5      | Found a staircase to the Ecumenical Temple.
  4455 | Temple   | Entered the Ecumenical Temple
  4466 | Temple   | Became a worshipper of Warmaster Okawaru
  5181 | D:5      | Found a blossoming altar of Fedhas.
  5457 | D:6      | Noticed Edmund
  5461 | D:6      | Reached skill level 8 in Long Blades
  5477 | D:6      | Killed Edmund
  5671 | D:6      | Reached * piety under Okawaru
  5729 | D:6      | Found a bloodstained altar of Trog.
  6145 | D:7      | Reached skill level 9 in Long Blades
  6310 | D:7      | Reached XP level 9. HP: 62/75 MP: 8/8
  6552 | D:7      | Noticed marsu's ghost (novice DrBe)
  6586 | D:7      | Killed marsu's ghost
  6586 | D:7      | Reached ** piety under Okawaru
  6890 | D:7      | Reached skill level 10 in Long Blades
  6965 | D:7      | Reached *** piety under Okawaru
  7138 | D:7      | Found an opulent altar of Gozag.
  7140 | D:7      | Found a burning altar of Makhleb.
  7144 | D:7      | Found a shadowy altar of Dithmenos.
  7148 | D:7      | Found an ancient bone altar of Kikubaaqudgha.
  7251 | D:7      | Received a gift from Okawaru
  7605 | D:8      | Noticed muxecoid's ghost (novice KoWn)
  7641 | D:8      | Killed muxecoid's ghost
  7641 | D:8      | Reached XP level 10. HP: 70/86 MP: 9/9
  7731 | D:8      | Got a steaming chain mail
  7742 | D:8      | Identified the +7 chain mail of the Armoured One {rC- Int+7} (You found it on level 8 of the Dungeon)
  8182 | D:9      | Noticed a two-headed ogre
  8190 | D:9      | Killed a two-headed ogre
  8190 | D:9      | Reached **** piety under Okawaru
  8190 | D:9      | Reached skill level 11 in Long Blades
  8210 | D:9      | Found a stormy altar of Qazlal.
  8753 | D:9      | Reached ***** piety under Okawaru
  9090 | D:9      | Found a deep blue altar of Sif Muna.
  9368 | D:10     | Entered Level 10 of the Dungeon
  9403 | D:10     | Found a snail-covered altar of Cheibriados.
  9431 | D:9      | Reached skill level 12 in Long Blades
  9431 | D:9      | Reached skill level 10 in Armour
  9556 | D:9      | Received a gift from Okawaru
  9740 | D:10     | Found a staircase to the Lair.
  9759 | D:10     | Reached XP level 11. HP: 88/94 MP: 10/10
  9845 | D:10     | Reached skill level 1 in Evocations
  9943 | D:10     | Reached skill level 10 in Shields
 10098 | D:10     | Noticed a two-headed ogre
 10112 | D:10     | Killed a two-headed ogre
 10439 | D:11     | Found a staircase to the Orcish Mines.
 10455 | D:11     | Reached skill level 13 in Long Blades
 11063 | D:11     | Noticed Urug
 11076 | D:11     | Killed Urug
 11157 | D:11     | Noticed a red ugly thing
 11166 | D:11     | Killed a red ugly thing
 11267 | D:11     | Found a sparkling altar of Nemelex Xobeh.
 11316 | D:11     | Got a heavily runed ring mail
 11327 | D:11     | Identified the +2 ring mail of Rationality {*Drain +Inv rPois Regen+} (You found it on level 11 of the Dungeon)
 11630 | D:12     | Found a frozen archway.
 11636 | D:12     | Noticed a two-headed ogre
 11638 | IceCv    | Entered an ice cave
 11993 | IceCv    | Killed a reaper
 12276 | IceCv    | Reached XP level 12. HP: 89/105 MP: 11/11
 12279 | IceCv    | Received a gift from Okawaru
 12543 | IceCv    | Reached skill level 14 in Long Blades
 12974 | IceCv    | Got a fine demon trident
 12975 | IceCv    | Identified the +10 demon trident "Cunott" {flame, Dex+6} (You found it in an ice cave)
 13155 | D:12     | Killed a two-headed ogre
 13272 | D:12     | Noticed a two-headed ogre
 13277 | D:12     | Killed a two-headed ogre
 13292 | D:12     | Reached skill level 10 in Fighting
 13467 | D:12     | Noticed a fire giant
 13475 | D:12     | Killed a fire giant
 13475 | D:12     | Reached skill level 1 in Invocations
 13684 | D:12     | Noticed an eight-headed hydra
 13690 | D:12     | Killed an eight-headed hydra
 13934 | Lair:1   | Entered Level 1 of the Lair of Beasts
 14389 | Lair:1   | Reached skill level 1 in Polearms
 14622 | Lair:1   | Reached ****** piety under Okawaru
 15082 | Lair:2   | Received a gift from Okawaru
 15082 | Lair:2   | Reached XP level 13. HP: 87/116 MP: 12/12
 15315 | Lair:2   | Reached skill level 15 in Long Blades
 16317 | Lair:3   | Found a staircase to the Swamp.
 16778 | Lair:4   | Received a gift from Okawaru
 16837 | Lair:4   | Found a staircase to the Snake Pit.
 18389 | Lair:5   | You fall through a shaft!
 18389 | Lair:6   | Entered Level 6 of the Lair of Beasts
 18409 | Lair:6   | Received a gift from Okawaru
 18425 | Lair:6   | Got a smoking falchion {god gift}
 18426 | Lair:6   | Identified the +6 falchion "Neaph" {slice, *Rage *Corrode Str+8} (Okawaru gifted it to you on level 6 of the Lair of Beasts)
 18454 | Lair:6   | Reached XP level 14. HP: 127/127 MP: 13/13
 18474 | Lair:6   | Noticed Josephine
 18493 | Lair:6   | Killed Josephine
 18493 | Lair:6   | Reached skill level 16 in Long Blades
 18678 | Lair:6   | Found a staircase to the Slime Pits.
 18765 | Lair:6   | Received a gift from Okawaru
 18774 | Lair:6   | Reached skill level 15 in Shields
 21044 | D:13     | Reached skill level 17 in Long Blades
 21767 | D:14     | Noticed Snorg
 21771 | D:14     | Killed Snorg
 21883 | D:14     | Noticed Chiseanne's ghost (journeyman DsWn)
 21896 | D:14     | Killed Chiseanne's ghost
 21896 | D:14     | Received a gift from Okawaru
 21902 | D:14     | Reached XP level 15. HP: 132/137 MP: 14/14
 21968 | D:14     | Found a gate to the Vaults.
 22893 | D:15     | Entered Level 15 of the Dungeon
 23873 | D:15     | Found a staircase to the Depths.
 24110 | Orc:1    | Entered Level 1 of the Orcish Mines
 24138 | Orc:1    | Received a gift from Okawaru
 24289 | Orc:2    | Entered Level 2 of the Orcish Mines
 24320 | Orc:2    | Found Kenirir's Jewellery Shop.
 24351 | Orc:2    | Reached skill level 18 in Long Blades
 24438 | Orc:2    | Found Ideuwnud's Gadget Shoppe.
 24464 | Orc:2    | Found Olohamno's Antique Weapon Emporium.
 24465 | Orc:2    | Found Meick's Armour Shoppe.
 24466 | Orc:2    | Found Zupsuzya's Gadget Boutique.
 24472 | Orc:2    | Found a staircase to the Elven Halls.
 24492 | Orc:2    | Noticed Saint Roka
 24495 | Orc:2    | Found a dark tunnel.
 24500 | Volcano  | Entered a volcano
 24763 | Volcano  | Received a gift from Okawaru
 24865 | Volcano  | Reached skill level 15 in Fighting
 24877 | Volcano  | Reached skill level 15 in Armour
 24886 | Volcano  | Found a burning altar of Makhleb.
 24950 | Volcano  | Found a burning altar of Makhleb.
 25006 | Orc:2    | Killed from afar by Saint Roka

Skill      XL: |  1  2  3  4  5  6  7  8  9 10 11 12 13 14 15 |
---------------+----------------------------------------------+-----
Armour         | 4 5 6 7 8 10 12 13 14 15 | 15.0
Fighting       | 4 5 6 7 9 11 12 13 15 | 15.0
Long Blades    | 3 4 6 7 9 10 12 13 14 15 17 18 | 18.1
Shields        | 4 5 6 8 9 11 13 14 15 17 | 17.5
Dodging        | 1 2 3 4 |  4.3
Stealth        | 1 2 |  2.2
Evocations     | 1 |  1.0
Invocations    | 1 |  1.0
Polearms       | 1 3 |  3.9

Action                   |  1- 3 |  4- 6 |  7- 9 | 10-12 | 13-15 || total
-------------------------+-------+-------+-------+-------+-------++-------
Melee: Long sword        |    63 |   177 |   318 |   418 |       ||   976
       Headbutt          |    14 |    27 |    64 |   200 |   254 ||   559
       Scimitar          |       |       |       |   384 |   130 ||   514
       Demon trident     |       |       |       |     5 |    23 ||    28
       Double sword      |       |       |       |       |   899 ||   899
       Falchion          |       |       |       |       |    14 ||    14
Invok: Heroism           |       |       |       |     5 |     2 ||     7
Evoke: Wand              |       |       |       |     4 |       ||     4
  Use: Potion            |       |     2 |     2 |       |       ||     4
       Scroll            |       |       |    12 |     8 |    10 ||    30
  Eat: Chunk             |     3 |     6 |    24 |    21 |    32 ||    86
       Fruit             |       |       |       |       |     2 ||     2
Armor: Scale mail        |    22 |    95 |    44 |       |       ||   161
       Plate armour      |       |       |    55 |       |       ||    55
       Chain mail        |       |       |    15 |   224 |       ||   239
       Crystal plate arm |       |       |       |   125 |   581 ||   706
Dodge: Dodged            |    29 |    70 |    72 |   199 |   201 ||   571
Block: Shield            |    20 |    89 |   112 |   439 |   836 ||  1496
       Reflection        |       |       |       |       |    41 ||    41
       Rpst.: Long sword |     7 |    17 |    23 |    37 |       ||    84
       Scimitar          |       |       |       |    25 |     7 ||    32
       Double sword      |       |       |       |       |    37 ||    37
